[Event "Titled Tuesday Blitz March 07 Early 2023"]
[White "Narayanan, Srinath"]
[Black "Gonzalez, Francisco Silva"]
[WhiteFideId "5018420"]
[BlackFideId "1512285"]
[WhiteElo "2438"]
[BlackElo "2074"]
[Result "1-0"]
[Round "01"]
[TimeControl "180+2"]
[Date "2023.03.07"]
[WhiteClock "0:00:12"]
[BlackClock "0:01:17"]

1. d4 Nf6 2. Nf3 d5 3. Bf4 c5 4. e3 Nc6 5. Nbd2 cxd4 6. exd4 Bf5 7. Bb5 a6 8. Bxc6+ bxc6 9. Ne5 Qb6 10. Nb3 a5 11. a4 e6 12. O-O Be7 13. Bg5 h6 14. Bh4 Ne4 15. Bxe7 Kxe7 16. Re1 h5 17. h3 h4 18. Nd3 Rh6 19. Ndc5 Rb8 20. Nxe4 Bxe4 21. f3 Bf5 22. Qd2 Qc7 23. Qxa5 Qg3 24. Qc5+ Kf6 25. Re2 Bxh3 26. Qc3 Rg6 27. Qe3 Ke7 28. Qe5 Qxf3 29. Qc7+ Kf6 30. Rf1 Qxf1+ 31. Kxf1 Rxb3 32. cxb3 Bf5 33. a5 Rg3 34. Qe5+ Ke7 35. Re3 Rg4 36. a6 c5 37. Qxf5 Rxd4 38. Qg5+ f6 39. Qxg7+ Kd6 40. Qxf6 Rd1+ 41. Ke2 Re1+ 42. Kxe1 Kc6 43. Rxe6+ Kb5 44. Rb6+ Ka5 45. a7 1-0


[Site "https://www.chess.com"]

[Event "Titled Tuesday Blitz March 07 Early 2023"]
[White "Avazkhonov, Alikhon"]
[Black "Yeletsky, Ivan"]
[WhiteFideId "14208504"]
[BlackFideId "24180327"]
[WhiteElo "1739"]
[BlackElo "2414"]
[Result "0-1"]
[Round "01"]
[TimeControl "180+2"]
[Date "2023.03.07"]
[WhiteClock "0:00:01"]
[BlackClock "0:00:21"]

1. d4 Nf6 2. c4 Nc6 3. Nc3 e5 4. Nf3 e4 5. Ng5 Bb4 6. d5 Bxc3+ 7. bxc3 Ne7 8. Qd4 c5 9. Qxc5 h6 10. d6 Nc6 11. Nh3 b6 12. Qf5 O-O 13. g4 Re8 14. g5 Re5 15. Qf4 Nh5 16. Qg4 g6 17. gxh6 Qf6 18. Ng5 Rxg5 19. Qxg5 Qxc3+ 20. Qd2 Qxa1 21. Rg1 Kh7 22. Bg2 Ba6 23. Bxe4 Re8 24. Qc2 Rxe4 25. Kf1 Rxc4 0-1


[Site "https://www.chess.com"]

[Event "Titled Tuesday Blitz March 07 Early 2023"]
[White "Bharath Subramaniyam H"]
[Black "Srebrnic, Marko"]
[WhiteFideId "46634827"]
[BlackFideId "14603616"]
[WhiteElo "2395"]
[BlackElo "2341"]
[Result "1-0"]
[Round "01"]
[TimeControl "180+2"]
[Date "2023.03.07"]
[WhiteClock "0:00:16"]
[BlackClock "0:00:07"]

1. e4 c5 2. Nf3 Nc6 3. Bc4 e6 4. O-O a6 5. d4 cxd4 6. Nxd4 Qc7 7. Nxc6 bxc6 8. Bd3 e5 9. c4 Nf6 10. Nc3 Bc5 11. Bg5 d6 12. Bxf6 gxf6 13. Qf3 Rg8 14. Rfe1 Qe7 15. h3 Be6 16. Na4 Bd4 17. c5 d5 18. Rac1 h5 19. Nb6 Rd8 20. b4 a5 21. bxa5 Bxc5 22. Re2 h4 23. Kh1 Rg5 24. Rec2 Ba3 25. Rb1 dxe4 26. Bxe4 Kf8 27. a6 f5 28. Bxc6 e4 29. Qe3 Rd3 30. Qf4 Bd6 31. Qxg5 Qxg5 32. a7 Qf4 33. a8=Q+ Kg7 34. g3 Qf3+ 35. Kg1 hxg3 36. Nd7 Rd1+ 37. Rxd1 Qxd1+ 38. Kg2 Qf3+ 39. Kg1 Qd1+ 40. Kg2 Qxc2 41. Qa7 f4 42. Qd4+ Kg8 43. Bxe4 gxf2 44. Bxc2 f1=Q+ 45. Kxf1 1-0


[Site "https://www.chess.com"]

[Event "Titled Tuesday Blitz March 07 Early 2023"]
[White "Sreyas Payyappat"]
[Black "Molina, Roberto Junio Brito"]
[WhiteFideId "46674969"]
[BlackFideId "2109450"]
[WhiteElo "2083"]
[BlackElo "2376"]
[Result "1-0"]
[Round "01"]
[TimeControl "180+2"]
[Date "2023.03.07"]
[WhiteClock "0:00:26"]
[BlackClock "0:00:45"]

1. e4 c6 2. d4 d5 3. Nc3 dxe4 4. Nxe4 Nd7 5. Nf3 Ngf6 6. Nxf6+ Nxf6 7. Bd3 Bg4 8. c3 Qd5 9. Be2 e6 10. O-O Be7 11. Bf4 O-O 12. h3 Bh5 13. Be5 Rfd8 14. Qc2 c5 15. Rad1 Rac8 16. c4 cxd4 17. g4 Bg6 18. Qxg6 Qxf3 19. Qxg7+ Kxg7 20. Bxf3 h6 21. b3 Rd7 22. Rxd4 Rxd4 23. Bxd4 b6 24. Rd1 Rd8 25. Kg2 Kg6 26. h4 Rd7 27. h5+ Kh7 28. Bxf6 Rxd1 29. Bxe7 Rd2 30. a4 Kg7 31. c5 bxc5 32. Bxc5 a6 33. b4 Rc2 34. a5 Kf6 35. Bb7 Kg5 36. Bxa6 Kxg4 37. Bb7 Kxh5 38. a6 1-0


[Site "https://www.chess.com"]

[Event "Titled Tuesday Blitz March 07 Early 2023"]
[White "Movahed, Sina"]
[Black "Stepanencu, Nicodim-Cosmin"]
[WhiteFideId "42520835"]
[BlackFideId "1256220"]
[WhiteElo "2225"]
[BlackElo "2185"]
[Result "1-0"]
[Round "01"]
[TimeControl "180+2"]
[Date "2023.03.07"]
[WhiteClock "0:01:09"]
[BlackClock "0:00:53"]

1. e4 a6 2. d4 b5 3. Nf3 Bb7 4. Nbd2 e6 5. Bd3 Nf6 6. O-O c5 7. c3 d5 8. e5 Nfd7 9. Re1 Nc6 10. Nf1 Be7 11. Ng3 g6 12. Bh6 Qb6 13. Ne2 O-O-O 14. a3 f6 15. Nf4 fxe5 16. dxe5 Nf8 17. Bxf8 Rdxf8 18. Nxe6 Re8 19. Bc2 Kb8 20. a4 b4 21. Qd2 a5 22. Bd3 c4 23. Bf1 h6 24. Nf4 Rd8 25. Nxg6 Rhg8 26. Nxe7 Nxe7 27. Nd4 Nc6 28. Qxh6 Rh8 29. Qe3 Rde8 30. Nxc6+ Qxc6 31. Qd4 Rh5 32. f4 Reh8 33. h3 Qg6 34. Re3 Qc2 35. cxb4 axb4 36. e6 Re8 37. a5 Ba6 38. Qb6+ 1-0


[Site "https://www.chess.com"]

[Event "Titled Tuesday Blitz March 07 Early 2023"]
[White "Mouhamad, Joachim"]
[Black "Harsha Bharathakoti"]
[WhiteFideId "656410"]
[BlackFideId "5078776"]
[WhiteElo "2164"]
[BlackElo "2481"]
[Result "0-1"]
[Round "01"]
[TimeControl "180+2"]
[Date "2023.03.07"]
[WhiteClock "0:00:56"]
[BlackClock "0:01:00"]

1. e4 c6 2. d4 d5 3. Nc3 dxe4 4. Nxe4 Nf6 5. Nxf6+ exf6 6. c3 Bd6 7. Bd3 O-O 8. Ne2 Re8 9. O-O Nd7 10. Bf4 Nf8 11. Bxd6 Qxd6 12. Ng3 Ng6 13. Qc2 Bd7 14. f4 Re3 15. f5 Nf4 16. Bc4 Rae8 17. Qd2 b5 18. Bb3 Ne2+ 19. Nxe2 Rxe2 20. Qd1 c5 21. Rc1 c4 22. Rc2 R2e3 23. Rd2 cxb3 24. axb3 h6 25. c4 Qb4 26. c5 Bc6 27. d5 Qxc5 28. dxc6 Re1+ 29. Kh1 Rxd1 0-1


[Site "https://www.chess.com"]

[Event "Titled Tuesday Blitz March 07 Early 2023"]
[White "Rakhmatullaev, Almas"]
[Black "Postnikov, Artem"]
[WhiteFideId "14205793"]
[BlackFideId "34153575"]
[WhiteElo "2221"]
[BlackElo "2243"]
[Result "1-0"]
[Round "01"]
[TimeControl "180+2"]
[Date "2023.03.07"]
[WhiteClock "0:00:19"]
[BlackClock "0:00:02"]

1. e4 c6 2. Nf3 d5 3. d3 dxe4 4. dxe4 Qxd1+ 5. Kxd1 Nf6 6. Nbd2 Rg8 7. Ne1 g5 8. Nd3 h5 9. c3 Nbd7 10. Kc2 g4 11. a4 Bh6 12. f3 gxf3 13. gxf3 Nf8 14. a5 Ne6 15. a6 b6 16. Ne5 Bd7 17. Ndc4 Bxc1 18. Rxc1 Nf4 19. Ne3 c5 20. Bc4 Be6 21. Bb5+ Kd8 22. Nc6+ Kc7 23. Nxe7 Rg5 24. Rhg1 Rxg1 25. Rxg1 Kd6 26. N7f5+ Ke5 27. Nc4+ Bxc4 28. Bxc4 Ne6 29. Nh6 Rf8 30. h4 Nd8 31. Rg5+ Kf4 32. Rf5+ Kg3 33. Rxf6 Kxh4 34. Nxf7 Kg3 35. e5 h4 36. e6 Nxf7 37. e7 Re8 38. Rxf7 h3 39. Bb5 Rxe7 40. Rxe7 1-0


[Site "https://www.chess.com"]

[Event "Titled Tuesday Blitz March 07 Early 2023"]
[White "Goncalves, Davi Sulzbacher"]
[Black "Harsh Suresh"]
[WhiteFideId "2154510"]
[BlackFideId "45018464"]
[WhiteElo "2182"]
[BlackElo "2227"]
[Result "0-1"]
[Round "01"]
[TimeControl "180+2"]
[Date "2023.03.07"]
[WhiteClock "0:00:08"]
[BlackClock "0:00:09"]

1. Nf3 Nf6 2. d4 c5 3. g3 cxd4 4. Nxd4 Nc6 5. Bg2 g6 6. O-O Bg7 7. Nb3 O-O 8. Nc3 d6 9. Bg5 Be6 10. Qd2 Rc8 11. Bh6 a6 12. Bxg7 Kxg7 13. Rad1 b5 14. Nd5 Nxd5 15. Bxd5 Bxd5 16. Qxd5 Qb6 17. c3 Rc7 18. Nd4 Rfc8 19. Nxc6 Rxc6 20. Qd4+ Qxd4 21. Rxd4 Rc5 22. a4 Rc4 23. e3 Rxa4 24. Rxa4 bxa4 25. Ra1 Rc4 26. Kf1 g5 27. Rd1 f5 28. Rd5 Rc5 29. Rxc5 dxc5 30. Ke2 Kf6 31. Kd3 Ke6 32. Kc4 Kd6 33. f3 h5 34. h4 gxh4 35. gxh4 Kc6 36. Kd3 Kd5 37. c4+ Kd6 38. Kd2 Kc6 39. Kd3 Kb6 40. e4 fxe4+ 41. fxe4 Ka5 42. e5 Kb4 43. e6 Kb3 44. Ke4 Kxc4 45. Kf5 Kd5 46. Kg6 c4 47. Kxh5 c3 48. bxc3 a3 49. Kg6 a2 50. c4+ Kxe6 0-1


[Site "https://www.chess.com"]

[Event "Titled Tuesday Blitz March 07 Early 2023"]
[White "Yuan, Qingyu"]
[Black "Devaev, Alexander"]
[WhiteFideId "8609772"]
[BlackFideId "4169395"]
[WhiteElo "2359"]
[BlackElo "2225"]
[Result "1-0"]
[Round "01"]
[TimeControl "180+2"]
[Date "2023.03.07"]
[WhiteClock "0:00:16"]
[BlackClock "0:00:24"]

1. e4 c6 2. d4 d5 3. exd5 cxd5 4. Bd3 Nc6 5. c3 g6 6. h3 Nf6 7. Nf3 Bf5 8. O-O e6 9. Bf4 Bd6 10. Bxd6 Qxd6 11. Re1 O-O 12. Qe2 Rae8 13. Nbd2 Bxd3 14. Qxd3 e5 15. dxe5 Nxe5 16. Nxe5 Rxe5 17. Rxe5 Qxe5 18. Nf3 Qe4 19. Qd2 Re8 20. Re1 Qc4 21. Rxe8+ Nxe8 22. Qe3 Qe4 23. Qxa7 Qb1+ 24. Kh2 Qxb2 25. Qb8 Qb5 26. Nd4 Qd7 27. f4 Kg7 28. Qe5+ Kg8 29. Qb8 Kg7 30. a3 Nd6 31. a4 Nc4 32. Nf3 Qxa4 33. Qxb7 Nd2 34. Nd4 Nf1+ 35. Kg1 Qd1 36. Kf2 Nh2 37. Ne6+ Kf6 38. Nd4 Qd2+ 39. Ne2 Qd1 40. Qb6+ Kg7 41. Qd4+ Qxd4+ 42. Nxd4 g5 43. fxg5 h6 44. gxh6+ Kxh6 45. Kg1 Ng4 46. hxg4 Kg5 47. Kf2 Kxg4 48. Nc2 Kf4 49. Ke2 Kg3 50. Ne3 f5 51. Nxf5+ Kxg2 52. Kd3 Kf3 53. Kd4 Kf4 54. Ne3 Kf3 55. Nxd5 Kg4 56. c4 Kf5 57. c5 Ke6 58. Nb4 Kd7 59. Kc4 Kc7 60. Kb5 Kb7 61. c6+ Kc7 62. Kc5 Kb8 63. Nd5 Kc8 64. Kd6 Kb8 65. c7+ Kc8 66. Ne7+ Kb7 67. c8=Q+ Ka7 68. Qc1 1-0


[Site "https://www.chess.com"]

[Event "Titled Tuesday Blitz March 07 Early 2023"]
[White "Hamedi Nia, Vesal"]
[Black "Hayrapetyan, Hovik"]
[WhiteFideId "12542253"]
[BlackFideId "13302639"]
[WhiteElo "1822"]
[BlackElo "2348"]
[Result "0-1"]
[Round "01"]
[TimeControl "180+2"]
[Date "2023.03.07"]
[WhiteClock "0:00:17"]
[BlackClock "0:00:42"]

1. d4 Nf6 2. c4 e6 3. Nf3 d5 4. Nc3 Bb4 5. Qa4+ Nc6 6. e3 O-O 7. Bd2 Re8 8. a3 Bf8 9. Rd1 a6 10. Qc2 e5 11. cxd5 Nxd4 12. exd4 exd4+ 13. Ne2 Qxd5 14. Bf4 c5 15. b3 b5 16. b4 Bf5 17. Qb2 d3 18. Ne5 c4 19. Ng3 Bg4 20. f3 Bd6 21. fxg4 Rxe5+ 22. Bxe5 Bxe5 23. Qd2 Re8 24. Bxd3 Bc3+ 0-1


[Site "https://www.chess.com"]

[Event "Titled Tuesday Blitz March 07 Early 2023"]
[White "Pakleza, Zbigniew"]
[Black "Tymrakiewicz, Rafal"]
[WhiteFideId "1119290"]
[BlackFideId "1108832"]
[WhiteElo "2410"]
[BlackElo "2151"]
[Result "1-0"]
[Round "01"]
[TimeControl "180+2"]
[Date "2023.03.07"]
[WhiteClock "0:00:07"]
[BlackClock "0:00:03"]

1. d4 Nf6 2. Nf3 d6 3. Bf4 g6 4. h3 Bg7 5. e3 b6 6. Be2 Bb7 7. O-O O-O 8. Nbd2 Nbd7 9. Bh2 e6 10. a4 a6 11. c3 Qe7 12. Qb3 Ne4 13. Rfd1 f5 14. Nxe4 Bxe4 15. Nd2 Bb7 16. Bf3 Bxf3 17. Nxf3 h6 18. Re1 Kh7 19. e4 f4 20. Qc4 c5 21. Rad1 e5 22. dxc5 Nxc5 23. Rd2 Rfd8 24. Red1 Rac8 25. Ne1 b5 26. axb5 axb5 27. Qe2 Bf8 28. f3 Rb8 29. Kf1 Rdc8 30. Nc2 Na6 31. Bg1 Qc7 32. Rd5 b4 33. Qxa6 bxc3 34. bxc3 Qxc3 35. Ne1 Rb2 36. R5d3 Qb4 37. Qxc8 Qb5 38. Bf2 d5 39. exd5 e4 40. fxe4 g5 41. Qc6 Qb8 42. Qd7+ Bg7 43. Bd4 1-0


[Site "https://www.chess.com"]

[Event "Titled Tuesday Blitz March 07 Early 2023"]
[White "Golubev, Mikhail"]
[Black "Acor, Corey"]
[WhiteFideId "14100983"]
[BlackFideId "2024861"]
[WhiteElo "2374"]
[BlackElo "2341"]
[Result "0-1"]
[Round "01"]
[TimeControl "180+2"]
[Date "2023.03.07"]
[WhiteClock "0:00:02"]
[BlackClock "0:00:28"]

1. e4 e5 2. Nf3 Nc6 3. Bc4 Bc5 4. c3 Nf6 5. d4 exd4 6. cxd4 Bb4+ 7. Nbd2 Bxd2+ 8. Bxd2 Nxe4 9. d5 Ne7 10. Be3 d6 11. O-O O-O 12. Bd3 Nc5 13. Bc2 Bf5 14. b4 Nd7 15. Bb3 Re8 16. Rc1 Nf6 17. Bg5 Ne4 18. Bh4 h6 19. Nd4 Bh7 20. Ba4 Rf8 21. Bxe7 Qxe7 22. Re1 Qg5 23. Nf3 Qf6 24. Rxc7 Rac8 25. Rxc8 Rxc8 26. Bc2 Nc3 27. Bxh7+ Kxh7 28. Qc2+ g6 29. h3 Kg7 30. Re3 Rc7 0-1


[Site "https://www.chess.com"]

[Event "Titled Tuesday Blitz March 07 Early 2023"]
[White "Santos Ruiz, Miguel"]
[Black "Mikhalsky, Vladimir"]
[WhiteFideId "22291482"]
[BlackFideId "14144352"]
[WhiteElo "2504"]
[BlackElo "2272"]
[Result "1-0"]
[Round "01"]
[TimeControl "180+2"]
[Date "2023.03.07"]
[WhiteClock "0:00:37"]
[BlackClock "0:00:06"]

1. d4 Nf6 2. c4 g6 3. Nc3 Bg7 4. e4 d6 5. Be2 O-O 6. Be3 e5 7. d5 Na6 8. h4 h5 9. Nh3 Bxh3 10. Rxh3 Nc5 11. Qc2 Ng4 12. Bd2 Bh6 13. Bxh6 Nxh6 14. Qd2 Kg7 15. b4 Nd7 16. Rb1 a5 17. a3 axb4 18. axb4 Qf6 19. Qg5 c5 20. Nb5 Ra6 21. Rf3 Qxg5 22. hxg5 Ng8 23. Ra3 Rfa8 24. Rxa6 Rxa6 25. Nc7 Ra2 26. Ne8+ Kf8 27. Nxd6 cxb4 28. Nxb7 Ra4 29. c5 Ne7 30. Bb5 Ra7 31. Bxd7 Rxb7 32. c6 Ra7 33. Rxb4 1-0


[Site "https://www.chess.com"]

[Event "Titled Tuesday Blitz March 07 Early 2023"]
[White "Rangel, Daniel"]
[Black "Nogerbek, Kazybek"]
[WhiteFideId "2124475"]
[BlackFideId "13710427"]
[WhiteElo "2256"]
[BlackElo "2501"]
[Result "0-1"]
[Round "01"]
[TimeControl "180+2"]
[Date "2023.03.07"]
[WhiteClock "0:00:07"]
[BlackClock "0:00:04"]

1. c4 e6 2. g3 d5 3. Bg2 Nf6 4. Nf3 b6 5. O-O Bb7 6. d4 dxc4 7. Qa4+ Nbd7 8. Qxc4 a6 9. Nc3 b5 10. Qd3 c5 11. Rd1 Be7 12. e4 cxd4 13. Nxd4 O-O 14. a3 Rc8 15. Qe2 Qc7 16. Bf4 Ne5 17. Rac1 Qb8 18. h3 h6 19. Kh1 Rfd8 20. Nf3 Rxd1+ 21. Rxd1 Rc5 22. Nxe5 Rxe5 23. Qd2 g5 24. Bxe5 Qxe5 25. f4 gxf4 26. gxf4 Qh5 27. e5 Qxh3+ 28. Kg1 Bc5+ 29. Kf1 Qh2 30. Bxb7 Qg1+ 31. Ke2 Qf2+ 32. Kd3 Qg3+ 33. Kc2 Ng4 34. Kb1 Be3 35. Qg2 Qxf4 36. Bf3 h5 37. Bxg4 hxg4 38. Rf1 Qg5 39. Ka2 Kf8 40. Ne4 Qxe5 41. Qxg4 f5 42. Qf3 Bd4 43. Ng3 Ke7 44. Nxf5+ exf5 45. Qxf5 Qe2 46. Qf7+ Kd6 47. Rf5 Qxb2# 0-1


[Site "https://www.chess.com"]

[Event "Titled Tuesday Blitz March 07 Early 2023"]
[White "Corrales Jimenez, Fidel"]
[Black "Droin, Augustin"]
[WhiteFideId "3506690"]
[BlackFideId "45105987"]
[WhiteElo "2541"]
[BlackElo "2316"]
[Result "1-0"]
[Round "01"]
[TimeControl "180+2"]
[Date "2023.03.07"]
[WhiteClock "0:01:43"]
[BlackClock "0:01:03"]

1. b3 e5 2. Bb2 Nc6 3. e3 d5 4. Bb5 Ne7 5. Bxe5 a6 6. Bxc6+ Nxc6 7. Bb2 Qg5 8. Qf3 Bg4 9. Qg3 Bd6 10. f4 Qf5 11. h3 Bh5 12. Qxg7 O-O-O 13. g4 Qe4 14. Rh2 Bxf4 15. Nc3 Bg3+ 16. Kd1 Qe6 17. Rg2 Be5 18. Qg5 Bg6 19. d4 Bg7 20. Qf4 Rhe8 21. Kd2 Nb4 22. Rc1 c5 23. Nge2 Nxc2 24. Rxc2 Bxc2 25. Kxc2 Qxe3 26. Qxe3 Rxe3 27. Nd1 Ree8 28. dxc5 Bxb2 29. Nxb2 d4 30. Nd3 Re3 31. Nef4 Kc7 32. b4 Kc6 33. a4 Rde8 34. Kb3 b5 35. cxb6 Kxb6 36. Kc4 Rd8 37. Rd2 Ka7 38. Nd5 Rxh3 39. Kxd4 Rg3 40. Ne5 f6 41. Nc6+ Ka8 42. Nxd8 1-0


[Site "https://www.chess.com"]

[Event "Titled Tuesday Blitz March 07 Early 2023"]
[White "Matko, Ognjen"]
[Black "polandchessplayer"]
[WhiteFideId "14509717"]
[WhiteElo "2248"]
[BlackElo "2785"]
[Result "0-1"]
[Round "01"]
[TimeControl "180+2"]
[Date "2023.03.07"]
[WhiteClock "0:00:06"]
[BlackClock "0:00:20"]

1. e4 c6 2. d4 d5 3. e5 Bf5 4. c4 e6 5. Nc3 Ne7 6. a3 Nd7 7. cxd5 Nxd5 8. Nxd5 cxd5 9. Nf3 Be7 10. Bd3 Bxd3 11. Qxd3 O-O 12. h4 Qa5+ 13. Bd2 Qa6 14. Qb1 Rfc8 15. Ng5 Nf8 16. Rh3 Qc4 17. Bc3 h6 18. Nf3 b5 19. Nd2 Qc7 20. g4 a5 21. b4 axb4 22. axb4 Rxa1 23. Qxa1 Qb7 24. Qb1 Qa7 25. f4 Rxc3 26. Rxc3 Qxd4 27. Qd3 Qxf4 28. Rc8 Bxb4 29. Kd1 Qxe5 30. Nf3 Qf4 31. g5 h5 32. g6 fxg6 33. Qb3 Qe4 34. Ng5 Qe1+ 35. Kc2 Qe2+ 36. Kb1 Be7 37. Qc2 Qxc2+ 38. Kxc2 Bxg5 39. hxg5 h4 40. Kd3 h3 41. Rc2 e5 42. Rh2 Ne6 43. Rxh3 Nf4+ 0-1


[Site "https://www.chess.com"]

[Event "Titled Tuesday Blitz March 07 Early 2023"]
[White "Zahid, Sanatan"]
[Black "Heinemann, Josefine"]
[WhiteFideId "10201963"]
[BlackFideId "12900460"]
[WhiteElo "1865"]
[BlackElo "2342"]
[Result "1/2-1/2"]
[Round "01"]
[TimeControl "180+2"]
[Date "2023.03.07"]
[WhiteClock "0:00:14"]
[BlackClock "0:00:06"]

1. d4 Nf6 2. Nc3 d5 3. Bf4 c5 4. e4 Nxe4 5. Nxe4 dxe4 6. dxc5 Qxd1+ 7. Rxd1 Nc6 8. Bb5 f6 9. Ne2 e5 10. Be3 Be6 11. Nc3 f5 12. O-O a6 13. Ba4 Rd8 14. Bg5 Be7 15. Bxe7 Kxe7 16. Bxc6 bxc6 17. b3 Rd4 18. Ne2 Rd5 19. Rxd5 cxd5 20. Rd1 d4 21. Nc1 a5 22. c3 Rc8 23. cxd4 exd4 24. Rxd4 Rxc5 25. Rd1 Rc2 26. g3 Bf7 27. Re1 Bh5 28. a3 Kd6 29. h3 Bf3 30. g4 f4 31. h4 Kd5 32. g5 Kd4 33. Kf1 e3 34. Ne2+ Ke4 35. fxe3 fxe3 36. b4 axb4 37. axb4 Bxe2+ 38. Rxe2 Rc1+ 39. Re1 Rc2 40. Re2 Rc1+ 41. Kg2 Kf4 42. b5 Rb1 43. Rc2 Rxb5 44. Rc4+ Kf5 45. Kf3 Rb3 46. Rf4+ Kg6 47. Kg4 h5+ 48. gxh6 Kxh6 49. Re4 g6 50. Re7 Ra3 51. Re6 Ra4+ 52. Kg3 Ra3 53. Re4 Rb3 54. Kg4 Ra3 55. Re6 Rb3 56. Re8 Rb4+ 57. Kg3 Rb3 58. Kf3 Ra3 59. Rd8 Ra4 60. Kg3 Ra3 61. Re8 Rb3 62. Kf4 Rb4+ 63. Kg3 Rb3 1/2-1/2


[Site "https://www.chess.com"]

[Event "Titled Tuesday Blitz March 07 Early 2023"]
[White "Fikiet, Alex"]
[Black "Krzyzanowski, Marcin"]
[WhiteFideId "2052717"]
[BlackFideId "1132199"]
[WhiteElo "2425"]
[BlackElo "2471"]
[Result "0-1"]
[Round "01"]
[TimeControl "180+2"]
[Date "2023.03.07"]
[WhiteClock "0:00:09"]
[BlackClock "0:00:05"]

1. e4 c5 2. Nf3 Nc6 3. Bb5 g6 4. Bxc6 bxc6 5. O-O Bg7 6. Re1 Qc7 7. e5 f6 8. exf6 Nxf6 9. Nc3 d6 10. Qe2 e5 11. d3 O-O 12. h3 Nh5 13. Ne4 Nf4 14. Bxf4 Rxf4 15. c3 Ba6 16. Nfd2 Raf8 17. f3 Qe7 18. b4 cxb4 19. cxb4 d5 20. Nc5 Bc8 21. Rac1 Rxb4 22. Ndb3 Rbf4 23. d4 R4f5 24. Na5 Qf6 25. dxe5 Rxe5 26. Qxe5 Qxe5 27. Rxe5 Bxe5 28. Nxc6 Bg3 29. Nxa7 Bf5 30. Nc6 Re8 31. Nd4 Bc8 32. a4 Bf4 33. Rd1 Re3 34. Kf2 Ra3 35. Ne2 Be3+ 36. Kf1 Bxc5 37. Rc1 Ba6 38. Rxc5 Ra2 39. Rxd5 Bxe2+ 40. Kg1 Rxa4 41. Rd8+ Kg7 42. Rd2 Bc4 43. Rd4 Ra1+ 44. Kf2 Be6 45. Re4 Kf6 46. g4 Ra3 47. Kg3 Bd5 48. Rf4+ Ke7 49. h4 h6 50. h5 g5 51. Rf5 Ke6 52. Rf8 Bc6 53. Rf5 Ra1 54. Rf8 Ra3 55. Rf5 Ke7 56. Re5+ Kf6 57. Rf5+ Ke6 58. Rf8 Bd5 59. Rf5 Re3 60. Rf8 Rd3 61. Re8+ Kf7 62. Rh8 Rxf3+ 63. Kh2 Rf6 64. Rh7+ Ke6 65. Ra7 Ke5 66. Kg3 Rf3+ 67. Kh2 Kf4 68. Ra4+ Be4 69. Rb4 Rf2+ 70. Kh3 Rf3+ 71. Kh2 Re3 0-1


[Site "https://www.chess.com"]

[Event "Titled Tuesday Blitz March 07 Early 2023"]
[White "Real_OceanStorm"]
[Black "Dinu, Dumitru-Daniel"]
[BlackFideId "1208403"]
[WhiteElo "2777"]
[BlackElo "2240"]
[Result "1-0"]
[Round "01"]
[TimeControl "180+2"]
[Date "2023.03.07"]
[WhiteClock "0:00:51"]
[BlackClock "0:00:01"]

1. e4 c5 2. c3 d5 3. e5 Nc6 4. d4 cxd4 5. cxd4 g6 6. Nc3 Bg7 7. h3 Bf5 8. Bb5 Qb6 9. Nxd5 Qa5+ 10. Bd2 Qd8 11. Ne3 Qxd4 12. Nf3 Qd7 13. Nxf5 Qxf5 14. Qa4 Qd7 15. O-O e6 16. Rac1 Nge7 17. Rfd1 O-O 18. Bb4 Qe8 19. Bxc6 bxc6 20. Qa3 Nd5 21. Bxf8 Bxf8 22. Qb3 Rb8 23. Qc2 Nb4 24. Qd2 Nxa2 25. Ra1 Nb4 26. Rxa7 Bc5 27. Rd7 Kg7 28. Qc3 Be7 29. b3 Nd5 30. Qxc6 Rxb3 31. Rc1 Nb4 32. Qc8 Qxc8 33. Rxc8 Bf8 34. Ng5 Rb1+ 35. Kh2 Kh6 36. Nxf7+ Kh5 37. g4+ Kh4 38. Rxf8 Rf1 39. Kg2 Rc1 40. Rh8 Nd3 41. Rxh7# 1-0


[Site "https://www.chess.com"]

[Event "Titled Tuesday Blitz March 07 Early 2023"]
[White "Staudenhocker43"]
[Black "Fier, Alexandr"]
[BlackFideId "2107139"]
[WhiteElo "2424"]
[BlackElo "2610"]
[Result "0-1"]
[Round "01"]
[TimeControl "180+2"]
[Date "2023.03.07"]
[WhiteClock "0:00:14"]
[BlackClock "0:00:32"]

1. d4 Nf6 2. c4 c5 3. d5 e6 4. Nc3 exd5 5. cxd5 d6 6. e4 g6 7. Nge2 h5 8. f3 Nbd7 9. Bg5 Bh6 10. Bxh6 Rxh6 11. Qd2 Rh8 12. Nf4 a6 13. a4 Qe7 14. Be2 Kf8 15. O-O Kg7 16. Rae1 Ne5 17. Nd3 Nxd3 18. Bxd3 Qe5 19. Qe3 Re8 20. f4 Qd4 21. Qxd4 cxd4 22. Ne2 Nxe4 23. Nxd4 Nf6 24. Rxe8 Nxe8 25. Re1 Nf6 26. Bc4 Bd7 27. b3 Rb8 28. Rd1 b5 29. axb5 axb5 30. Be2 Nxd5 31. g3 Nc3 32. Rd2 b4 33. Bf3 Re8 34. Kf2 d5 35. Nc2 Bf5 36. Nxb4 Be4 37. Rd4 f5 38. Nc6 Ra8 39. Rd2 Ra3 40. Nd4 Kf6 41. b4 Bxf3 42. Kxf3 Ne4+ 43. Ke2 Nxd2 44. Kxd2 Ke7 45. Nc6+ Kd6 46. Ne5 h4 47. gxh4 Rb3 48. Nxg6 Rxb4 49. Kc3 Rb1 50. h5 Rh1 51. h4 Rg1 52. Kd4 Ke6 53. Nf8+ Kf7 54. Ng6 Kf6 55. Kxd5 Rd1+ 56. Kc4 Rd7 57. Ne5 Rh7 58. Kd4 Rxh5 59. Nf3 Rh8 60. Ke3 Ke6 61. Ng5+ Kd5 62. Nf3 Re8+ 63. Ne5 Ra8 64. Kf3 Ra3+ 65. Kg2 Ke4 66. Ng6 Ra7 67. h5 Rh7 68. Kg3 Rxh5 69. Ne5 Rh1 70. Kg2 Rh7 71. Kg3 Rg7+ 72. Kh4 Kxf4 73. Nd3+ Ke3 74. Ne5 f4 75. Ng4+ Rxg4+ 76. Kxg4 f3 0-1


[Site "https://www.chess.com"]

[Event "Titled Tuesday Blitz March 07 Early 2023"]
[White "Orozbaev, Eldiar"]
[Black "Andreev, Konstantin"]
[WhiteFideId "13802240"]
[BlackFideId "24239305"]
[WhiteElo "2201"]
[BlackElo "2106"]
[Result "0-1"]
[Round "01"]
[TimeControl "180+2"]
[Date "2023.03.07"]
[WhiteClock "0:00:01"]
[BlackClock "0:00:04"]

1. e4 c5 2. c3 d5 3. exd5 Qxd5 4. Nf3 Nf6 5. d4 Bg4 6. Be2 e6 7. O-O cxd4 8. Nxd4 Bxe2 9. Qxe2 Nc6 10. Nb5 Rc8 11. Rd1 Qf5 12. N1a3 a6 13. Nd6+ Bxd6 14. Rxd6 Nd5 15. Nc4 O-O 16. Ne3 Qe5 17. Rd7 Nf4 18. Qf3 Rfd8 19. Rxb7 Na5 20. Rb4 Nd5 21. Re4 Qd6 22. Nxd5 Qxd5 23. Be3 Nc4 24. b3 Ne5 25. Qf4 Ng6 26. Qf3 Ne5 27. Qf4 Ng6 28. Qf3 Rxc3 29. Ra4 Qb5 30. g3 Ne5 31. Qf4 Nd3 32. Qh4 Rdc8 33. Rd1 h6 34. Rd4 Ne5 35. Qe4 f5 36. Rd8+ Kh7 37. Qf4 Nd3 38. Qd6 Rxd8 39. Qxd8 Ne5 40. Qd6 Qe2 41. Kg2 Qf3+ 42. Kf1 Ng4 43. Qd4 Rxe3 44. Kg1 Re2 45. Rf1 Ne5 0-1


[Site "https://www.chess.com"]

[Event "Titled Tuesday Blitz March 07 Early 2023"]
[White "Sargissyan, Sargis"]
[Black "Mikhailovsky, Vladimir"]
[WhiteFideId "13303210"]
[BlackFideId "34105414"]
[WhiteElo "2109"]
[BlackElo "2293"]
[Result "0-1"]
[Round "01"]
[TimeControl "180+2"]
[Date "2023.03.07"]
[WhiteClock "0:00:07"]
[BlackClock "0:00:15"]

1. e4 Nf6 2. e5 Nd5 3. d4 d6 4. c4 Nb6 5. exd6 exd6 6. Nc3 Be7 7. Nf3 O-O 8. h3 Nc6 9. Be2 Bf5 10. O-O Bf6 11. b3 Re8 12. Be3 h6 13. Qd2 d5 14. c5 Nc8 15. a3 N8e7 16. b4 a6 17. Bd3 Qd7 18. Rfe1 Bxd3 19. Qxd3 Nf5 20. Re2 Re7 21. Rae1 Rae8 22. g4 Nh4 23. Nxh4 Bxh4 24. Bf4 Rxe2 25. Rxe2 Rxe2 26. Nxe2 Ne7 27. Ng3 Ng6 28. Be3 Bxg3 29. fxg3 c6 30. Qf5 Qe8 31. Kf2 Nf8 32. Bf4 Nh7 33. h4 Nf6 34. Be5 Ne4+ 35. Kg2 f6 36. Bf4 Nc3 37. Qd3 Qe4+ 38. Qxe4 dxe4 39. Kf2 Nd5 40. Bd2 Kf7 41. h5 Ke6 42. Ke2 Nc7 43. Ke3 Kd5 44. Be1 Nb5 45. Kf4 Nxd4 46. Bf2 Nc2 47. Kf5 e3 48. Bxe3 Nxe3+ 49. Kg6 Nxg4 50. Kxg7 Ke4 51. Kg6 Kf3 0-1


[Site "https://www.chess.com"]